 Dungeon Crawl Stone Soup version 0.26-a0-651-gb41185065b (webtiles) character file.

Game seed: 16012752455147988068

29 gbos the Sneak (level 3, -8/22 HPs)
             Began as a Deep Elf Fighter on Oct 25, 2020.
             Mangled by a gnoll
             ... wielding a +0 spear
              (9 damage)
             ... on level 1 of the Dungeon.
             The game lasted 00:01:23 (996 turns).

gbos the Sneak (Deep Elf Fighter)                    Turns: 996, Time: 00:01:24

Health: -8/22      AC:  6    Str: 13    XL:     3   Next: 1%
Magic:  5/5        EV:  9    Int: 13    God:
Gold:   26         SH:  6    Dex: 14    Spells: 2/2 levels left

rFire    . . .     SeeInvis .   a - +0 long sword
rCold    . . .     Faith    .   h - +2 buckler
rNeg     . . .     Spirit   .   b - +0 scale mail
rPois    .         Reflect  .   (no helmet)
rElec    .         Harm     .   (no cloak)
rCorr    .         Rampage  .   (no gloves)
MR       .....                  (no boots)
Stlth    +.........             (no amulet)
HPRegen  0.07/turn              (no ring)
MPRegen  0.09/turn              (no ring)

@: mighty
A: no striking features
a: no special abilities


You were on level 1 of the Dungeon.
You visited 1 branch of the dungeon, and saw 2 of its levels.

You collected 26 gold pieces.


   Skills:
 - Level 2.4 Fighting
 - Level 1.7 Long Blades
 - Level 2.4 Armour
 + Level 1.6 Dodging
 * Level 2.9 Stealth
 - Level 2.4 Shields


You had 2 spell levels left.
You didn't know any spells.
Your spell library was empty.

Inventory:

Hand Weapons
 a - a +0 long sword (weapon)
Armour
 b - a +0 scale mail (worn)
 c - a +0 kite shield
 h - a +2 buckler (worn)
Scrolls
 e - a scroll of teleportation {unknown}
 f - a scroll of enchant weapon {unknown}
 g - a scroll of noise {unknown}
 j - a scroll of identify {unknown}
Potions
 i - a potion of cancellation {unknown}

Dungeon Overview and Level Annotations

Branches:
Dungeon (2/15)

Altars:

.................⌠...⌠.......▒...
.............................▒...
.................................
............[...▒.....▒(.........
................▒▒▒.▒.▒▒▒▒▒......
................▒▒▒.▒.▒ ▒......
..........▒▒▒▒▒.......▒▒▒▒▒▒▒▒▒▒▒
▒...▒▒▒.▒▒▒▒▒▒▒▒▒▒▒.▒............
▒...▒ ▒.▒▒......eggg(............
▒...▒▒▒........▒▒▒▒▒.............
.....▒▒........▒.................
.....▒▒........▒.....>..........)
.....▒▒........▒.......▒▒▒.......
.....▒▒.▒▒.....▒.......▒ ▒▒▒▒.▒▒.
▒▒▒▒▒▒▒.▒▒...^.▒.......▒ ▒.▒▒.
▒.▒▒.....▒▒▒▒▒.▒▒▒ ▒.▒▒.
▒.▒▒▒▒▒.▒▒▒▒▒▒.▒ ▒.▒▒.


You could see 3 gnolls.


Message History

The gnoll barely misses you.
The gnoll hits you from afar with a +0 spear.
Things that are here:
a stone; a +0 club You aren't carrying any items that you can evoke.
Unknown command.
You see here a stone.
You feel very mighty all of a sudden. The gnoll hits you.
You are too injured to fight recklessly!
You are too injured to fight recklessly!
You are too injured to fight recklessly!
You slash the gnoll!
The gnoll is almost dead.
You block the gnoll's attack. The gnoll hits you.
* * * LOW HITPOINT WARNING * * *
The gnoll hits you but does no damage.
You are too injured to fight recklessly!
You closely miss the gnoll.
The gnoll is almost dead.
The gnoll hits you.
* * * LOW HITPOINT WARNING * * *
The gnoll barely misses you.
You barely miss the gnoll.
The gnoll is almost dead.
The gnoll hits you!
* * * LOW HITPOINT WARNING * * *
The gnoll hits you from afar with a +0 spear!
You die...

Action                   || total
-------------------------++-------
Melee: Long sword        ||    79
  Use: Potion            ||     1
Armor: Scale mail        ||    48
Dodge: Dodged            ||    32
Block: Kite shield       ||    28
       Buckler           ||    15
       Rpst.: Long sword ||    17

Levels and vault maps discovered:
D:1:      scummos_arrival_simple_fountains, layout_basic, minmay_misc_feat_chi,
          grunt_decor_one_mirror
D:2:      layout_basic, nicolae_dithmenos_through_a_glass_darkly

Notes
Turn   | Place    | Note
-------+----------+-------------------------------------------
     0 | D:1      | gbos the Deep Elf Fighter began the quest for the Orb.
     0 | D:1      | Reached XP level 1. HP: 13/13 MP: 3/3
    27 | D:1      | Reached skill level 1 in Stealth
   267 | D:1      | Reached skill level 1 in Dodging
   269 | D:1      | Reached XP level 2. HP: 18/18 MP: 4/4
   305 | D:1      | Reached skill level 2 in Stealth
   862 | D:1      | Reached XP level 3. HP: 22/22 MP: 5/5
   996 | D:1      | HP: 1/22 [gnoll (7)]
   996 | D:1      | Mangled by a gnoll

Vanquished Creatures
  A dart slug (D:1)
  3 bats (D:1)
  A giant cockroach (D:1)
  6 goblins (D:1)
  4 hobgoblins (D:1)
  A ball python (D:1)
  4 frilled lizards (D:1)
  4 kobolds (D:1)
  2 rats (D:1)
26 creatures vanquished.
